 Dungeon Crawl Stone Soup version 0.29-a0-330-g52719c12eb (webtiles) character file.

Game seed: 7390661790380802734

55 tilp the Magician (level 3, 0/29 HPs)
             Began as a Draconian Hedge Wizard on May 20, 2022.
             Succumbed to Robin's poison
             ... on level 2 of the Dungeon.
             The game lasted 00:03:52 (2056 turns).

tilp the Magician (Draconian Hedge Wizard)          Turns: 2056, Time: 00:03:53

Health: 0/29       AC:  6    Str: 12    XL:     3   Next: 67%
Magic:  3/7        EV: 12    Int: 16    God:
Gold:   101        SH:  0    Dex: 10    Spells: 4/8 levels left

rFire   . . .      SeeInvis .   a - +1 dagger
rCold   . . .      Faith    .   (no shield)
rNeg    . . .      Spirit   .   (body armour unavailable)
rPois   .          Reflect  .   b - +0 hat
rElec   .          Harm     .   (no cloak)
rCorr   .          Rampage  .   (no gloves)
Will    .....                   l - +0 pair of boots
Stlth   ++........              (no amulet)
HPRegen 0.09/turn               (no ring)
MPRegen 0.10/turn               (no ring)

@: brilliant, lethally poisoned (0 -> -1), very slightly contaminated, hasted,
very quick
A: AC +5, unfitting armour, cold-blooded
a: no special abilities


You were on level 2 of the Dungeon.
You visited 1 branch of the dungeon, and saw 2 of its levels.

You collected 101 gold pieces.

Inventory:

Hand Weapons
 a - a +1 dagger (weapon)
Missiles
 d - 61 stones
 h - a poisoned dart (quivered)
 n - 3 boomerangs
Armour
 b - a +0 hat (worn)
 l - a +0 pair of boots (worn)
Jewellery
 i - an amulet of regeneration
Scrolls
 f - a scroll of identify
Potions
 g - 2 potions of haste


   Skills:
 + Level 2.1 Fighting
 + Level 0.1 Throwing
 + Level 2.1 Dodging
 - Level 2.0 Stealth
 - Level 3.0 Spellcasting
 + Level 2.0 Conjurations
 * Level 0.3 Hexes
 - Level 1.0 Summonings
 * Level 1.3 Translocations


You had 4 spell levels left.
You knew the following spells:

 Your Spells              Type           Power      Damage    Failure   Level
a - Magic Dart            Conj           52%        1d5       9%          1
b - Slow                  Hex            20%        N/A       16%         1
c - Blink                 Tloc           18%        N/A       17%         2

Your spell library contained the following spells:

 Spells                   Type           Power      Damage    Failure   Level
 Summon Small Mammal      Summ           32%        N/A       12%         1
 Call Imp                 Summ           8%         N/A       19%         2
 Lesser Beckoning         Tloc           9%         N/A       32%         3
 Call Canine Familiar     Summ           8%         N/A       36%         3
 Conjure Flame            Conj/Fire      8%         6-21      36%         3
 Mephitic Cloud           Conj/Pois/Air  6%         N/A       38%         3
 Summon Guardian Golem    Hex/Summ       6%         N/A       38%         3
 Manifold Assault         Tloc           9%         N/A       97%         5


Dungeon Overview and Level Annotations

Branches:
Dungeon (2/15)

Altars:


Innate Abilities, Weirdness & Mutations

Your plain brown scales are hard. (AC +5)
You cannot fit into any form of body armour.
You are cold-blooded and may be slowed by cold attacks.


Message History

Unknown command.
Unknown command.
Unknown command.
Casting: Magic Dart (safe; 9% risk of failure)
Confirm with . or Enter, or press ? or * to list all spells.
Aiming: Magic Dart (safe; 9% risk of failure)
Press: ? - help, Shift-Dir - straight line, f - goblin
Aim: a goblin, wielding a +0 club (strong, 100% to hit)
You feel a surge of power!
The magic dart hits the goblin.
The goblin is heavily wounded.
The goblin closely misses you. The goblin hits you but does no damage.
Unknown command.
Casting: Magic Dart (safe; 9% risk of failure)
Confirm with . or Enter, or press ? or * to list all spells.
Aiming: Magic Dart (safe; 9% risk of failure)
Press: ? - help, Shift-Dir - straight line, f/p - goblin
Aim: a goblin, wielding a +0 club (heavily wounded, strong, 100% to hit)
You feel a surge of power!
You miscast Magic Dart.
You are very lightly contaminated with residual magic.
Nothing appears to happen.
* * * LOW HITPOINT WARNING * * *
You feel sick. The goblin closely misses you. The goblin misses you.
The goblin barely misses you.
Casting: Magic Dart (safe; 9% risk of failure)
Confirm with . or Enter, or press ? or * to list all spells.
Aiming: Magic Dart (safe; 9% risk of failure)
Press: ? - help, Shift-Dir - straight line, f/p - goblin
Aim: a goblin, wielding a +0 club (heavily wounded, strong, 100% to hit)
You feel a surge of power!
The magic dart hits the goblin.
You kill the goblin!
* * * LOW HITPOINT WARNING * * *
You feel sick.
Casting: Magic Dart (safe; 9% risk of failure)
Confirm with . or Enter, or press ? or * to list all spells.
Aiming: Magic Dart (safe; 9% risk of failure)
Press: ? - help, Shift-Dir - straight line, f - goblin
Aim: a goblin, wielding a +0 dagger (100% to hit)
You feel a surge of power!
The magic dart hits the goblin.
You kill the goblin!
You die...

.......# #...........
....#### #####...........
#+### ###...##.###......
#.# #####...#.##.# ...?.
#.# #....รท###.##.# ..g.
#.# #...#..#..)..# g..
#.########..###...##..# ..
........##..#..)####..#.#g
.
.........'.....)@gg.(g....
########.#.....###g#..#.##
#.#####.# .....#.# #.#
#.#......# # #..
#.#......# ##. #.###.#..#
.. #.. .....# #. ###
#.#..#


You could see 4 goblins.

Vanquished Creatures
  Robin (D:2)
  2 dart slugs (D:1)
  4 endoplasms
  2 giant cockroaches (D:1)
  9 goblins
  2 hobgoblins (D:1)
  2 quokkas (D:1)
  4 ball pythons
  6 bats
  3 frilled lizards
  3 kobolds
  3 rats
41 creatures vanquished.

Notes
Turn   | Place    | Note
-------+----------+-------------------------------------------
     0 | D:1      | tilp the Draconian Hedge Wizard began the quest for the
                  | Orb.
     0 | D:1      | Reached XP level 1. HP: 14/14 MP: 4/4
   359 | D:1      | Found a faded altar of an unknown god.
   362 | D:1      | Reached XP level 2. HP: 22/22 MP: 3/6
   548 | D:1      | Reached skill level 1 in Fighting
   809 | D:1      | Learned a level 1 spell: Slow
  1457 | D:1      | Reached XP level 3. HP: 29/29 MP: 2/7
  1592 | D:1      | Learned a level 2 spell: Blink
  2033 | D:2      | Noticed Robin
  2048 | D:2      | Killed Robin
  2055 | D:2      | HP: 1/29 [poisoned by Robin]
  2056 | D:2      | Succumbed to Robin's poison

Illustrated notes

Levels and vault maps discovered:
D:1:      dpeg_arrival_prison, layout_basic, shapermc_ecumenical_altar_venn
D:2:      layout_basic, minmay_pentomino_r2, uniq_robin

Skill      XL: |  1  2  3 |
---------------+----------+-----
Stealth        | 2 |  2.0
Dodging        | 2 |  2.1
Fighting       | 1 2 |  2.1
Conjurations   | 2 |  2.0
Throwing       | |  0.1
Spellcasting   | |  3.0
Hexes          | |  0.3
Summonings     | |  1.0
Translocations | |  1.3

Action                   || total
-------------------------++-------
Melee: Dagger            ||    41
       Tailslap          ||     2
Throw: Dart              ||     2
 Cast: Magic Dart        ||    94
       Slow              ||     2
  Use: Scroll            ||     6
       Potion            ||     3
Armor: Skin              ||    27
Dodge: Dodged            ||    38

Table legend: (Time is in decaauts)
 A = Elapsed time spent in this place.
 B = Non-inter-level travel time spent in this place.
 C = Inter-level travel time spent in this place.
 D = Time resting spent in this place.
 E = Time spent auto-exploring this place.
 F = Levels seen in this place.
 G = Mean time per level.
                   A        B        C        D        E       F      G
               +--------+--------+--------+--------+--------+-----+--------+
         Total |   2054 |   2008 |     46 |    180 |   1569 |   2 | 1027.0 |
       Dungeon |   2054 |   2008 |     46 |    180 |   1569 |   2 | 1027.0 |
               +--------+--------+--------+--------+--------+-----+--------+

Top non-repeatable levels by time:
     D:1: 1646 daAuts
     D:2: 408 daAuts
